Map: Ice and Chrome LE

Players

maomao - Winner!

  • Race: Zerg Zerg
  • League: Gold
  • Spawn Location: 7:00

A.I. 1 (Harder)

  • Race: Protoss Protoss
  • Spawn Location: 1:00

VOD

Have the link to the VOD?

Description

Time

  • Played on: June 12, 2020, 3:41 p.m.
  • Length: 9:37
Show
View Real Time Build Order
Export as new Build Order

maomao Zerg - Winner!

Build Orders: Hatch First, Roach Hydra 

Get SALT Encoding   

  12  0:01  Drone  
  13  0:12  Overlord  
  13  0:17  Drone  
  14  0:31  Drone x2  
  16  0:49  Hatchery  
  15  0:54  Drone  
  15  0:56  Drone  
  17  0:59  Drone  
  18  1:10  Extractor  
  17  1:16  Spawning Pool  
  17  1:17  Drone  
  17  1:22  Drone  
  18  1:29  Drone  
  20  1:40  Drone  
  20  1:50  Overlord  
  20  2:02  Queen  
  20  2:03  Queen  
  20  2:04  Zergling x4  
  26  2:13  Drone x2  
  28  2:17  Metabolic Boost  
  28  2:24  Drone x2  
  30  2:33  Overlord  
  30  2:34  Drone  
  31  2:44  Queen  
  31  2:47  Queen  
  35  2:52  Overlord  
  35  2:57  Drone  
  35  2:58  Drone  
  37  3:00  Drone  
  38  3:06  Drone  
  38  3:07  Drone  
  40  3:14  Overlord  
  40  3:17  Drone x2  
  40  3:18  Drone  
  40  3:19  Drone  
  44  3:29  Extractor x2  
  44  3:33  Evolution Chamber  
  41  3:36  Roach Warren  
  41  3:39  Lair  
  40  3:47  Drone x4  
  44  3:56  Drone x3  
  44  3:57  Drone  
  44  4:01  Zerg Missile Weapons Level 1  
  48  4:04  Drone  
  48  4:06  Drone  
  50  4:19  Drone x4  
  50  4:21  Overlord  
  50  4:22  Overlord  
  54  4:35  Roach x2  
  54  4:36  Roach  
  60  4:40  Roach x2  
  60  4:41  Glial Reconstitution  
  60  4:43  Roach  
  66  4:51  Extractor  
  65  4:53  Hydralisk Den  
  65  4:56  Drone  
  65  4:59  Drone  
  66  5:08  Roach x3  
  66  5:09  Roach x2  
  66  5:12  Overlord  
  76  5:22  Grooved Spines  
  76  5:23  Overlord x2  
  76  5:34  Hydralisk x3  
  76  5:35  Hydralisk  
  84  5:36  Overlord  
  84  5:54  Overlord x2  
  84  6:01  Hydralisk x2  
  84  6:02  Hydralisk x2  
  92  6:10  Hatchery  
  91  6:14  Zerg Missile Weapons Level 2  
  91  6:22  Overlord x2  
  91  6:24  Roach x2  
  91  6:25  Roach x2  
  99  6:34  Muscular Augments  
  99  6:49  Overlord x2, Hydralisk x3  
  99  6:50  Hydralisk  
  99  7:14  Roach x8  
  115  7:27  Overlord x2  
  115  7:42  Drone x3  
  115  7:43  Drone x5  
  123  8:12  Roach x6  
  133  8:13  Roach x7  
  133  8:14  Roach  
  133  8:15  Overlord  
  133  8:18  Extractor  
  133  8:19  Extractor  
  147  8:34  Drone x5  
  150  8:35  Drone x2  
  154  8:47  Hydralisk x4  
  154  8:48  Hydralisk x4  
  166  8:55  Lurker Den  
Show
View Real Time Build Order
Export as new Build Order

A.I. 1 (Harder) Protoss 

Build Orders:  

Get SALT Encoding   

  12  0:00  Probe  
  13  0:13  Probe  
  14  0:19  Pylon  
  14  0:25  Probe  
  15  0:34  Probe  
  15  0:42  Probe  
  16  0:47  Assimilator  
  17  0:51  Gateway  
  17  0:52  Probe  
  18  1:00  Probe  
  18  1:01  Pylon  
  19  1:20  Probe  
  20  1:40  Zealot  
  20  1:41  Cybernetics Core  
  20  1:44  Gateway  
  22  1:49  Assimilator  
  22  1:58  Zealot  
  22  2:02  Pylon  
  24  2:17  Warp Gate  
  24  2:24  Stalker  
  26  2:32  Adept  
  28  2:44  Pylon  
  28  2:54  Stalker  
  30  3:02  Zealot  
  32  3:24  Stalker  
  34  3:29  Pylon, Stalker  
  36  3:49  Probe  
  36  3:54  Stalker  
  39  4:01  Probe  
  40  4:07  Stalker  
  42  4:10  Pylon  
  42  4:13  Probe  
  43  4:22  Forge  
  43  4:25  Probe, Adept  
  46  4:35  Stalker  
  46  4:38  Probe  
  49  4:46  Zealot  
  49  4:50  Probe  
  52  6:02  Protoss Ground Weapons Level 1  
  52  6:15  Sentry  
  52  6:16  Gateway  
  52  6:18  Robotics Facility  
  54  6:22  Twilight Council  
  54  6:23  Stalker  
  54  6:25  Nexus, Photon Cannon  
  56  6:27  Photon Cannon  
  56  6:30  Pylon  
  56  6:38  Stalker  
  58  6:46  Sentry  
  60  6:52  Pylon  
  58  6:59  Blink  
  58  7:01  Stalker  
  38  7:05  Observer  
  37  7:09  Stalker  
  39  7:17  Zealot  
  39  7:19  Observer  
  41  7:24  Stalker  
  44  7:32  Stalker  
  46  7:37  Probe  
  46  7:39  Probe  
  46  7:40  Sentry  
  50  7:48  Adept  
  50  7:49  Probe  
  50  7:51  Probe  
  54  7:56  Zealot  
  56  8:01  Probe  
  56  8:03  Probe  
  56  8:04  Stalker  
  48  8:12  Sentry  
  37  8:13  Probe  
  37  8:16  Zealot  
  40  8:27  Stalker  
  40  8:33  Zealot  
  23  9:02  Pylon  
  23  9:04  Pylon  
  19  9:24  Zealot  
Tags
 
Composition
Roach Hydra
League
Gold
Matchup
PvZ
Spawn Locations
Cross Positions
Add a new tag
Caveats
  • Supply blocks, unpowered buildings, or Contaminate may cause inaccurate times.
  • Supply counts are checked every 10 seconds.